[Event "ICC tourney 2469 (30 10)"]
[Site "Internet Chess Club"]
[Date "2021.03.21"]
[Round "5"]
[White "SALAZAR, LUIS:zarman"]
[Black "PALCHEVSKIY, ANDREW:alexbelaya"]
[Result "1-0"]
[ICCResult "Black checkmated"]
[WhiteElo "1271"]
[BlackElo "1130"]
[Opening "English: Bremen system with ...g6"]
[ECO "A24"]
[NIC "EO.14"]
[Time "19:01:30"]
[PlyCount "57"]
[TimeControl "1800+10"]

1. c4 e5 2. Nc3 Nf6 3. g3 g6 4. Bg2 Bg7 5. e3 Nc6 6. Nge2 d6 7. d4 exd4 8.
exd4 Bg4 9. h3 Bf5 10. g4 Bd7 11. Bg5 h6 12. Bh4 Na5 13. b3 g5 14. Bg3 h5
15. Qd2 hxg4 16. Qxg5 gxh3 17. Qxg7 Rh7 18. Qg5 hxg2 19. Rxh7 Nxh7 20. Qg8+
Nf8 21. O-O-O Qf6 22. Nd5 Qf5 23. Nxc7+ Ke7 24. Bh4+ f6 25. Nd5+ Kd8 26.
Qxf8+ Be8 27. Bxf6+ Kd7 28. Qe7+ Kc6 29. Qc7# { Black checkmated } 1-0

[Event "ICC tourney 2469 (30 10)"]
[Site "Internet Chess Club"]
[Date "2021.03.21"]
[Round "5"]
[White "LIU, TYLER:Tiger2010"]
[Black "Ramkumar, Nikhil:nikhilramkumar"]
[Result "0-1"]
[ICCResult "White resigns"]
[WhiteElo "746"]
[BlackElo "569"]
[Opening "Ruy Lopez: Bird's defense"]
[ECO "C61"]
[NIC "RL.05"]
[Time "19:01:38"]
[PlyCount "48"]
[TimeControl "1800+10"]

1. e4 e5 2. Nf3 Nc6 3. Bb5 Nd4 4. Bc4 Nxf3+ 5. Qxf3 Nf6 6. O-O Bc5 7. Nc3
c6 8. Bb3 d6 9. h3 h6 10. d3 Qc7 11. Be3 Bxe3 12. Qxe3 b5 13. d4 exd4 14.
Qxd4 a5 15. a4 b4 16. Ne2 Ba6 17. Rfe1 O-O 18. Nf4 Rfe8 19. Nd3 c5 20. Qd5
Nxd5 21. Bxd5 Bb7 22. Bxb7 Qxb7 23. e5 dxe5 24. Nxe5 Qd5 { White resigns }
0-1

[Event "ICC tourney 2469 (30 10)"]
[Site "Internet Chess Club"]
[Date "2021.03.21"]
[Round "5"]
[White "WU, EVERETT:EW2006"]
[Black "CAI, ALAN ZHUOCHENG:flying-ninja"]
[Result "1/2-1/2"]
[ICCResult "Game drawn by mutual agreement"]
[WhiteElo "1376"]
[BlackElo "1260"]
[Opening "Sicilian: Canal-Sokolsky attack, 3...Bd7"]
[ECO "B52"]
[NIC "SI.01"]
[Time "19:01:27"]
[PlyCount "83"]
[TimeControl "1800+10"]

1. e4 c5 2. Nf3 d6 3. Bb5+ Bd7 4. Bxd7+ Qxd7 5. O-O Nc6 6. c4 Nf6 7. Nc3 e6
8. d3 Be7 9. h3 O-O 10. a3 Rad8 11. Qc2 Qc7 12. Be3 d5 13. cxd5 exd5 14.
Nxd5 Nxd5 15. exd5 Rxd5 16. d4 Qb6 17. dxc5 Bxc5 18. Rfe1 Nd4 19. Nxd4 Bxd4
20. Bxd4 Rxd4 21. Rad1 Rxd1 22. Rxd1 Rd8 23. Rxd8+ Qxd8 24. g3 g6 25. Kf1
Qe7 26. Qc8+ Kg7 27. Qc3+ Qf6 28. Qxf6+ Kxf6 29. Ke2 Ke5 30. Ke3 h5 31. f4+
Kd5 32. b3 a5 33. Kd3 f6 34. Ke3 f5 35. Kd3 Kc5 36. Kc3 b6 37. Kd3 b5 38.
h4 b4 39. a4 Kd5 40. Ke3 Kc5 41. Kd3 Kd5 42. Ke3 { Game drawn by mutual
agreement } 1/2-1/2

[Event "ICC tourney 2469 (30 10)"]
[Site "Internet Chess Club"]
[Date "2021.03.21"]
[Round "5"]
[White "DEL TORA, MIGUEL:mdeltoro11"]
[Black "HUA, OLIVER:oxdidi"]
[Result "0-1"]
[ICCResult "White resigns"]
[WhiteElo "991"]
[BlackElo "993"]
[Opening "King's Indian: London system"]
[ECO "A45"]
[NIC "QP.03"]
[Time "19:02:35"]
[PlyCount "82"]
[TimeControl "1800+10"]

1. d4 Nf6 2. Bf4 g6 3. Nf3 Bg7 4. e3 d6 5. Bd3 O-O 6. O-O Nbd7 7. Nc3 b6 8.
b4 Bb7 9. Bc4 d5 10. Bd3 Re8 11. Nb5 Rc8 12. Nxa7 Ra8 13. Nb5 Rc8 14. a4
Nh5 15. Bg5 h6 16. Bh4 g5 17. Nxg5 Nhf6 18. Nf3 c6 19. Nc3 e5 20. Nxe5 Nxe5
21. dxe5 Rxe5 22. f4 Rxe3 23. Qd2 Re8 24. Bf5 Ra8 25. Rae1 Qd6 26. b5 Qc5+
27. Bf2 d4 28. Bxd4 Qxf5 29. Bxb6 cxb5 30. Nxb5 Qg6 31. Nd6 Rxe1 32. Rxe1
Bc6 33. a5 Nd5 34. Nc4 Bc3 35. Qf2 Bxe1 36. Qxe1 Nxb6 37. Ne3 Nc4 38. g3
Re8 39. Qc3 Nxe3 40. a6 Qe4 41. Kf2 Nd1+ { White resigns } 0-1

[Event "ICC tourney 2469 (30 10)"]
[Site "Internet Chess Club"]
[Date "2021.03.21"]
[Round "5"]
[White "NGUYEN, TRINH TRONG:JackNguyen"]
[Black "JACOBS, STEVE:Steviejay"]
[Result "1/2-1/2"]
[ICCResult "Game drawn by mutual agreement"]
[WhiteElo "1388"]
[BlackElo "1429"]
[Opening "QGD: 4.Nf3"]
[ECO "D37"]
[NIC "QP.08"]
[Time "19:01:36"]
[PlyCount "73"]
[TimeControl "1800+10"]

1. d4 d5 2. Nf3 Nf6 3. c4 e6 4. Nc3 Be7 5. cxd5 exd5 6. g3 O-O 7. Bg2 c6 8.
O-O Re8 9. Re1 h6 10. a3 Bf5 11. Nd2 Nbd7 12. e4 dxe4 13. Ndxe4 Rc8 14. Bf4
Nb6 15. Nc5 Bxc5 16. Rxe8+ Qxe8 17. dxc5 Rd8 18. Qb3 Be6 19. Qc2 Nbd5 20.
Nxd5 Bxd5 21. Rd1 Bxg2 22. Kxg2 Rxd1 23. Qxd1 Nd5 24. Bd6 Qe4+ 25. Qf3
Qxf3+ 26. Kxf3 f6 27. Ke4 g6 28. b4 a6 29. Kd3 h5 30. h3 Kf7 31. g4 hxg4
32. hxg4 Ke6 33. f4 b5 34. Kd4 Kd7 35. Kd3 Ke6 36. Kd4 Kd7 37. Kd3 { Game
drawn by mutual agreement } 1/2-1/2

[Event "ICC tourney 2469 (30 10)"]
[Site "Internet Chess Club"]
[Date "2021.03.21"]
[Round "5"]
[White "HSIAO, OLIVER:OliverHsiao"]
[Black "Rubinstein, Samuel:samrubinstein"]
[Result "1/2-1/2"]
[ICCResult "Game drawn by mutual agreement"]
[WhiteElo "1249"]
[BlackElo "1449"]
[Opening "Scandinavian (center counter) defense"]
[ECO "B01"]
[NIC "SD.01"]
[Time "19:01:31"]
[PlyCount "112"]
[TimeControl "1800+10"]

1. e4 d5 2. exd5 Qxd5 3. Nc3 Qa5 4. d4 c6 5. Nf3 Nf6 6. Bc4 Bf5 7. Bf4 e6
8. h3 Nbd7 9. O-O O-O-O 10. a3 Nb6 11. b4 Bxb4 12. axb4 Qxb4 13. Rxa7 Qxc4
14. Qb1 Nfd7 15. Ne5 Qxd4 16. Nxd7 Qxf4 17. Qxb6 Qc7 18. Qxc7+ Kxc7 19. Ne5
Bg6 20. Nxg6 hxg6 21. Rb1 Rb8 22. Ne4 Rh5 23. Rb3 Re5 24. f3 Rd5 25. Rd3
Rxd3 26. cxd3 Rd8 27. Nf2 Kb6 28. Ra4 Kc5 29. Rf4 Rd7 30. Ne4+ Kd4 31. Nf6+
Ke5 32. Nxd7+ Kxf4 33. Kf2 b5 34. g3+ Kf5 35. Ke3 e5 36. d4 f6 37. dxe5
fxe5 38. Nc5 g5 39. g4+ Kg6 40. Ke4 Kf6 41. Nd7+ Ke6 42. Nxe5 c5 43. f4
gxf4 44. Kxf4 c4 45. g5 c3 46. Nd3 c2 47. h4 g6 48. Ke4 b4 49. Nc1 Kd6 50.
Kd3 Ke5 51. Kxc2 Kf4 52. Nd3+ Kg4 53. Ne5+ Kxh4 54. Nf7 Kg4 55. Kb3 Kf5 56.
Kxb4 Ke6 { Game drawn by mutual agreement } 1/2-1/2

[Event "ICC tourney 2469 (30 10)"]
[Site "Internet Chess Club"]
[Date "2021.03.21"]
[Round "5"]
[White "Kanapuram, Pranav:PKDEEZYEEZY"]
[Black "XIE, CHARLES:charlestxie"]
[Result "1/2-1/2"]
[ICCResult "Game drawn by mutual agreement"]
[WhiteElo "1353"]
[BlackElo "1421"]
[Opening "QGD Slav defense: exchange variation"]
[ECO "D10"]
[NIC "SL.01"]
[Time "19:01:31"]
[PlyCount "86"]
[TimeControl "1800+10"]

1. d4 d5 2. c4 c6 3. cxd5 cxd5 4. Nc3 Nc6 5. Bf4 Nf6 6. h3 Bf5 7. e3 a6 8.
Bd3 Bg6 9. Bxg6 hxg6 10. Nf3 e6 11. a3 Rc8 12. Qb3 Na5 13. Qa4+ b5 14. Qd1
Qb6 15. Rc1 Nc4 16. Rc2 Be7 17. Ne5 O-O 18. Bg5 Qd8 19. Bf4 Nxe5 20. Bxe5
Nd7 21. Bf4 Nb6 22. O-O Bg5 23. Bxg5 Qxg5 24. Qe2 Qe7 25. Rfc1 Rc7 26. Nb1
Rfc8 27. Qd2 Kf8 28. Rxc7 Rxc7 29. Rxc7 Qxc7 30. Qb4+ Ke8 31. Qc5 Qxc5 32.
dxc5 Na4 33. b4 Kd7 34. Kf1 e5 35. Ke2 f5 36. Kd3 Nb2+ 37. Kc2 Nc4 38. Kd3
Kc6 39. f3 Nb2+ 40. Ke2 Nc4 41. g4 f4 42. exf4 exf4 43. Kd3 Ne5+ { Game
drawn by mutual agreement } 1/2-1/2

[Event "ICC tourney 2469 (30 10)"]
[Site "Internet Chess Club"]
[Date "2021.03.21"]
[Round "5"]
[White "Nagarajan, Ramesh:rnagaraj"]
[Black "Peckham, Duncan:Duncanp123"]
[Result "0-1"]
[ICCResult "White checkmated"]
[WhiteElo "1472"]
[BlackElo "1327"]
[Opening "King's knight's gambit"]
[ECO "C34"]
[NIC "KG.02"]
[Time "19:01:36"]
[PlyCount "102"]
[TimeControl "1800+10"]

1. e4 e5 2. f4 exf4 3. Nf3 Nc6 4. Bc4 d6 5. d4 Nf6 6. Nc3 Bg4 7. Bxf4 Qd7
8. Qd3 a6 9. O-O Na5 10. e5 Bxf3 11. Rxf3 Nxc4 12. Qxc4 dxe5 13. Bxe5 Ng4
14. Bxc7 Nh6 15. Re1+ Be7 16. Nd5 b5 17. Qc5 O-O 18. Qxe7 Qxd5 19. Qc5 Qxc5
20. dxc5 Ng4 21. Rg3 Nf6 22. Be5 Rfe8 23. Kf2 Kf8 24. h3 Re6 25. Rge3 Rae8
26. Bxf6 Rxf6+ 27. Kg3 Rg6+ 28. Kf2 Rf6+ 29. Kg1 Rxe3 30. Rxe3 Re6 31. Kf2
Ke7 32. b4 Kd7 33. g4 Rf6+ 34. Ke2 Kc6 35. a3 a5 36. c3 axb4 37. cxb4 Rf4
38. Kd2 Rd4+ 39. Rd3 Rc4 40. Rc3 Rd4+ 41. Kc2 Rd7 42. Kb3 g6 43. Rf3 Ra7
44. Rf6+ Kd5 45. Rb6 Re7 46. Rxb5 Re3+ 47. Kb2 Rxh3 48. a4 Kc4 49. c6 Rh2+
50. Kc1 Kc3 51. Rb6 Rh1# { White checkmated } 0-1